 Dungeon Crawl Stone Soup version 0.28.0-1-gb440e238dd (webtiles) character file.

Game seed: 11836162020902990898

21 lawman0 the Firebug (level 2, -5/15 HPs)
             Began as a Deep Elf Fire Elementalist on Feb 19, 2022.
             Slain by a goblin (19 damage)
             ... on level 1 of the Dungeon.
             The game lasted 00:01:12 (742 turns).

lawman0 the Firebug (Deep Elf Fire Elementalist)     Turns: 742, Time: 00:01:13

Health: -5/15      AC:  3    Str:  5    XL:     2   Next: 65%
Magic:  5/8        EV: 12    Int: 19    God:
Gold:   34         SH:  0    Dex: 15    Spells: 4/7 levels left

rFire   . . .      SeeInvis .   d - +0 dagger
rCold   . . .      Faith    .   (no shield)
rNeg    . . .      Spirit   .   a - +0 robe
rPois   .          Reflect  .   (no helmet)
rElec   .          Harm     .   (no cloak)
rCorr   .          Rampage  .   (no gloves)
Will    .....                   e - +0 pair of boots
Stlth   ++........              (no amulet)
HPRegen 0.05/turn               (no ring)
MPRegen 0.11/turn               (no ring)

@: no status effects
A: no striking features
a: no special abilities


You were on level 1 of the Dungeon.
You visited 1 branch of the dungeon, and saw 1 of its levels.

You collected 34 gold pieces.

Inventory:

Hand Weapons
 d - a +0 dagger (weapon)
Armour
 a - a +0 robe (worn)
 e - a +0 pair of boots (worn)
Scrolls
 c - a scroll of vulnerability {unknown}
Potions
 b - a potion of lignification {unknown}


   Skills:
 * Level 0.2 Fighting
 + Level 2.6 Dodging
 + Level 2.7 Stealth
 + Level 3.3 Spellcasting
 * Level 1.6 Conjurations
 + Level 3.6 Fire Magic


You had 4 spell levels left.
You knew the following spells:

 Your Spells              Type           Power      Damage    Failure   Level
a - Foxfire               Conj/Fire      52%        2x1d6     4%          1
b - Scorch                Fire           34%        2d7       4%          2

Your spell library contained the following spells:

 Spells                   Type           Power      Damage    Failure   Level
 Conjure Flame            Conj/Fire      13%        6-21      16%         3
 Inner Flame              Hex/Fire       10%        N/A       21%         3
 Flame Wave               Conj/Fire      13%        2d6       45%         4
 Dispersal                Tloc           1%         N/A       100%        6
 Disjunction              Tloc           1%         N/A       100%        8


Dungeon Overview and Level Annotations

Branches:
Dungeon (1/15)

Altars:


Message History

You kill the bat!
Unknown command.
Search for what [Enter for "da", or ? for help]?
Search for what [Enter for "da", or ? for help]? arm HP restored.
You see here a +0 pair of boots.
e - a +0 pair of boots You start putting on your armour.
You continue putting on your +0 pair of boots. x4
You finish putting on your +0 pair of boots.
Unknown command. 2 goblins come into view.
A goblin is wielding a +1 dagger of electrocution.
The goblin shouts!
You hear a shout!
A hobgoblin comes into view.
There are monsters nearby!
There are monsters nearby!
Casting: Foxfire (safe; 4% risk of failure)
Press: ? - help, Q - select action, (/) - cycle Dir - look around, f - activate You conjure some foxfire!
The goblin shouts!
Your foxfire dissipates!
A rat comes into view.
The foxfire hits the goblin.
The goblin is severely wounded.
Casting: Foxfire (safe; 4% risk of failure)
Press: ? - help, Q - select action, (/) - cycle Dir - look around, f - activate You conjure some foxfire!
The goblin hits you with a +1 dagger of electrocution.
Unknown command.
Unknown command.
Casting: Foxfire (safe; 4% risk of failure)
Press: ? - help, Q - select action, (/) - cycle Dir - look around, f - activate You conjure some foxfire!
The foxfire hits the goblin.
You kill the goblin!
A giant cockroach comes into view.
The goblin hits you but does no damage.
You are electrocuted!!
Ouch! That really hurt!
You die...

#.. #..## ## #.# #.
##...## #.# #.....####
#... #........### #....
#........... #..rg####
##...#.#.### B.......#
##.##.#.###
.....)gv#######.#.#.....
.......@v........###....
#....##########.#.#.####
#.. #.#..## # # #.#.## #
#.#.# # #...# # ##### #
# #


You could see a giant cockroach, a hobgoblin, a goblin (ally target) and a rat.

Vanquished Creatures
  5 ball pythons (D:1)
  3 bats (D:1)
  2 goblins (D:1)
  4 hobgoblins (D:1)
  A quokka (D:1)
  3 kobolds (D:1)
  A rat (D:1)
19 creatures vanquished.

Vanquished Creatures (others)
  56 foxfires (D:1)
56 creatures vanquished.

Grand Total: 75 creatures vanquished

Notes
Turn   | Place    | Note
-------+----------+-------------------------------------------
     0 | D:1      | lawman0 the Deep Elf Fire Elementalist began the quest for
                  | the Orb.
     0 | D:1      | Reached XP level 1. HP: 10/10 MP: 6/6
    39 | D:1      | Found a faded altar of an unknown god.
   290 | D:1      | Reached XP level 2. HP: 15/15 MP: 2/8
   459 | D:1      | Learned a level 2 spell: Scorch
   742 | D:1      | Slain by a goblin

Illustrated notes

Levels and vault maps discovered:
D:1:      ncdulo_smallfort, layout_loops_ring,
          dreamdust_ecumenical_altar_hidden_monk_grotto

Action                   || total
-------------------------++-------
 Cast: Foxfire           ||    38
Armor: Robe              ||     1
Dodge: Dodged            ||     3
